 Dungeon Crawl Stone Soup version 0.30.0-19-g36f170ea60 (webtiles) character file.

Game seed: 14376546733507000874

3806 Heoruswealwe the Thaumaturge (level 9, -1/45 HPs)
             Began as a Deep Elf Earth Elementalist on May 31, 2023.
             Was a Follower of Vehumet.
             Killed from afar by Joseph (6 damage)
             ... with a puff of flame
             ... on level 7 of the Dungeon.
             The game lasted 01:19:22 (5094 turns).

Heoruswealwe the Thaumaturge (DEEE)                 Turns: 5094, Time: 01:19:22

Health: -1/45      AC:  5    Str:  8    XL:     9   Next: 96%
Magic:  28/28      EV: 12    Int: 28    God:    Vehumet [*.....]
Gold:   482        SH:  0    Dex: 15    Spells: 24/34 levels left

rFire   . . .        f - +6 scimitar of Joyful Slaughter {spect, rC+ Str+3 Int+3}
rCold   + . .        (no shield)
rNeg    + . .        c - +0 robe
rPois   +            g - +0 helmet
rElec   .            h - +0 cloak
rCorr   .            (no gloves)
SInv    .            e - +0 pair of boots
Will    .....        i - amulet of magic regeneration
Stlth   ++           k - ring of poison resistance
HPRegen 0.27/turn    j - ring of positive energy
MPRegen 0.61/turn

%: no passive effects
@: about to teleport
A: no striking features
a: Renounce Religion


You were on level 7 of the Dungeon.
You worshipped Vehumet.
Vehumet was aware of your devotion.
You visited 2 branches of the dungeon, and saw 8 of its levels.
You also visited: Sewer.

You collected 1148 gold pieces.
You spent 666 gold pieces at shops.

Inventory:

Hand Weapons
 f - the +6 scimitar of Joyful Slaughter (weapon) {spect, rC+ Str+3 Int+3}
   (You bought it in a shop on level 4 of the Dungeon)

   Str:       It affects your strength (+3).
   Int:       It affects your intelligence (+3).
   rC:        It protects you from cold.
 K - a +0 arbalest
Armour
 c - a +0 robe (worn)
 e - a +0 pair of boots (worn)
 g - a +0 helmet (worn)
 h - a +0 cloak (worn)
 m - +0 acid dragon scales
 z - the +5 ring mail of the Iron City of Dis {rElec rPois Int-2}
   (You found it on level 3 of the Dungeon)

   Int:       It affects your intelligence (-2).
   rElec:     It insulates you from electricity.
   rPois:     It protects you from poison.
 G - a +0 robe
 H - a +0 robe
 L - a +0 robe
 M - a +0 robe
 N - a +0 robe
Magical Staves
 l - a staff of conjuration
Jewellery
 i - an amulet of magic regeneration (around neck)
 j - a ring of positive energy (right hand)
 k - a ring of poison resistance (left hand)
Wands
 p - a wand of flame (53)
 F - a wand of charming (10)
Scrolls
 a - 2 scrolls of enchant armour
 b - a scroll of poison
 d - 3 scrolls of teleportation
 o - a scroll of magic mapping
 r - a scroll of enchant weapon
 s - 2 scrolls of vulnerability {unknown}
 w - a scroll of summoning {unknown}
 y - a scroll of fog
 A - a scroll of blinking {unknown}
 I - a scroll of immolation {unknown}
 J - a scroll of amnesia {unknown}
Potions
 n - 2 potions of might
 q - a potion of haste
 t - a potion of cancellation
 u - 2 potions of flight
 v - 4 potions of invisibility {unknown}
 x - 3 potions of magic
 B - a potion of curing
 C - a potion of lignification {unknown}
 D - a potion of mutation {unknown}
 E - a potion of ambrosia {unknown}


   Skills:
 - Level 2.4 Dodging
 - Level 2.4 Stealth
 + Level 13.3 Spellcasting
 - Level 1.1 Transmutations
 + Level 11.5 Earth Magic


You had 24 spell levels left.
You knew the following spells:

 Your Spells              Type           Power      Damage    Failure   Level
a - Sandblast             Erth           100%       2d20      1%          1
b - Stone Arrow           Conj/Erth      100%       3d13      1%          3
c - Petrify               Tmut/Erth      53%        N/A       1%          4
z - Passwall              Tmut/Erth      44%        N/A       1%          2

Your spell library contained the following spells:

 Spells                   Type           Power      Damage    Failure   Level
 Foxfire                  Conj/Fire      72%        2x1d7     2%          1
 Beastly Appendage        Tmut           48%        N/A       1%          1
 Magic Dart               Conj           72%        1d6       2%          1
 Wereblood                Tmut           24%        N/A       2%          2
 Call Imp                 Summ           36%        N/A       4%          2
 Spider Form              Tmut/Pois      21%        N/A       7%          3
 Dazzling Flash           Conj/Hex       36%        N/A       9%          3
 Mephitic Cloud           Conj/Pois/Air  18%        N/A       9%          3
 Volatile Blastmotes      Fire/Tloc      36%        2d13      9%          3
 Iskenderun's Mystic Bla  Conj/Tloc      18%        2d6       28%         4
 Manifold Assault         Tloc           18%        N/A       28%         4
 Dispersal                Tloc           9%         N/A       99%         6
 Starburst                Conj/Fire      9%         6d5       99%         6
 Disjunction              Tloc           9%         N/A       100%        8


Dungeon Overview and Level Annotations

Branches:
Dungeon (7/15)             Temple (1/1) D:6           Sewer (visited)

Altars:
Ashenzari
Cheibriados
Dithmenos
Elyvilon
Fedhas
Gozag
Hepliaklqana
Kikubaaqudgha
Makhleb
Nemelex Xobeh
Okawaru
Qazlal
Ru
Sif Muna
Trog
Uskayaw
Vehumet
Wu Jian
Xom
Yredelemnul
Zin
The Shining One

Shops:
D:4 (

Annotations:
D:7 Joseph


Message History

a +0 mace; a +0 leather armour; an orc corpse
Things that are here:
a +0 whip; an orc corpse You can't see any susceptible monsters within range! (Use Z to cast anyway.)
The blast of sand misses the wight.
The blast of sand hits the wight but does no damage.
The blast of sand hits the wight!
The wight is heavily damaged.
The wight barely misses you.
The blast of sand hits the wight but does no damage.
The wight is heavily damaged.
The wight misses you. The wight closely misses you.
The wight attacks as you move away! The wight hits you but does no damage.
The wight misses you.
The blast of sand hits the wight.
The wight is moderately damaged.
The wight barely misses you.
The blast of sand hits the wight!!
You destroy the wight!
Vehumet accepts your kill. The wight misses you.
The blast of sand misses the wight.
The wight closely misses you.
The blast of sand hits the wight!!
You destroy the wight!
Vehumet accepts your kill.
Items here: )) [[.
M - a +0 robe;
N - a +0 robe Joseph, a Mercenary comes into view.
He is wielding a +0 quarterstaff and carrying a wand of flame (10).
Joseph shouts!
An orc zombie comes into view.
Joseph tries to grin evilly.
Joseph attacks as you move away! Joseph hits you with a +0 quarterstaff!
As you read the scroll of teleportation, it crumbles to dust.
You feel strangely unstable.
You hear the slow hiss of an avalanche of sand.
Joseph hits you with a +0 quarterstaff. Joseph attacks as you move away!
Joseph hits you with a +0 quarterstaff!
* * * LOW HITPOINT WARNING * * *
Joseph zaps a wand.
The puff of flame hits you.
You die...

*,,,,,,.# ******* *,,, *,,,,,,.#
*,,,,,* *,** **,*,##.# *,,,,,*
*,** ##*,*,...# *,,,,,* *,**
#...###..# *,,,,,* *,,,
#...Z.Z..# *,,,,,* ****
*,∩,,*#@#* ***,#** **
*,,,,*#.#######.#**** *,
******#@#...,...,,,,* *,
#.#.###.#****,* *, ******
##.......# **,***, ,,,,,*
#.......## **,*,**, ****,******
#)##)##.# *,***,,,
*,,,,,,,..#####.##)##.####*,*,***
,,**,***#...>...##.......#**,** *
****,* ######.)#####.##.# *** *
****,* #.)#####.##.# *


You could see Joseph and an orc zombie.

Vanquished Creatures
  2 two-headed ogres (D:6)
  A yak (D:6)
  An acid dragon (D:7)
  A water moccasin (D:6)
  An ice beast (D:7)
  A black bear (D:6)
  An orc warrior (D:7)
  An ogre (D:4)
  2 phantoms
  3 kobold brigands
  4 scorpions
  4 wights (D:7)
  4 hounds
  4 jellies
  Crazy Yiuf (D:4)
  A gnoll bouda (D:6)
  4 orc priests
  3 sleepcaps
  5 iguanas (D:6)
  Natasha (thrice) (D:2)
  4 orc wizards
  Robin (D:4)
  8 gnolls (D:6)
  12 adders
  A river rat (Sewer)
  A shadow imp (D:6)
  2 worms (Sewer)
  3 dart slugs
  11 orcs
  11 ball pythons
  3 endoplasms
  A giant cockroach (D:4)
  12 hobgoblins
  12 jackals
  3 quokkas
  2 bats (D:3)
  2 frilled lizards
  12 goblins
  19 kobolds
  4 rats
171 creatures vanquished.

Vanquished Creatures (others)
  An orc wizard (D:7)
1 creature vanquished.

Grand Total: 172 creatures vanquished

Notes
Turn   | Place    | Note
-------+----------+-------------------------------------------
     0 | D:1      | Heoruswealwe the Deep Elf Earth Elementalist began the
                  | quest for the Orb.
     0 | D:1      | Reached XP level 1. HP: 10/10 MP: 6/6
   219 | D:1      | Reached XP level 2. HP: 15/15 MP: 5/8
   222 | D:1      | Learned a level 2 spell: Passwall
   496 | D:2      | Noticed Natasha
   502 | D:2      | Killed Natasha
   503 | D:2      | Reached skill level 4 in Spellcasting
   503 | D:2      | Reached XP level 3. HP: 14/19 MP: 3/10
   639 | D:2      | Noticed Natasha
   640 | D:2      | Reached XP level 4. HP: 24/24 MP: 10/12
   641 | D:2      | Killed Natasha
   646 | D:2      | Learned a level 3 spell: Stone Arrow
   651 | D:2      | Learned a level 4 spell: Petrify
   707 | D:2      | Noticed Natasha
   709 | D:2      | Killed Natasha
   710 | D:2      | Reached skill level 5 in Spellcasting
  1072 | D:3      | Found a glowing drain.
  1074 | D:3      | Reached skill level 5 in Earth Magic
  1082 | Sewer    | Entered a sewer
  1090 | Sewer    | Reached XP level 5. HP: 26/28 MP: 12/14
  1171 | Sewer    | Reached skill level 6 in Spellcasting
  1383 | Sewer    | Reached XP level 6. HP: 32/32 MP: 13/17
  1544 | D:3      | Identified the +5 ring mail of the Iron City of Dis {rElec
                  | rPois Int-2}
  1917 | D:4      | Found Ylu Tuch's Weapon Emporium.
  1943 | D:4      | Reached skill level 7 in Spellcasting
  2116 | D:4      | Found a basalt altar of Yredelemnul.
  2150 | D:4      | Found a stormy altar of Qazlal.
  2158 | D:4      | Found a blossoming altar of Fedhas.
  2191 | D:4      | Found an ornate altar of the Wu Jian Council.
  2196 | D:4      | Noticed a spectral centipede
  2196 | D:4      | Noticed a spectral black mamba
  2196 | D:4      | Noticed a spectral cane toad
  2417 | D:4      | Found a runed translucent door.
  2418 | D:4      | Noticed Crazy Yiuf
  2426 | D:4      | Killed Crazy Yiuf
  2427 | D:4      | Reached XP level 7. HP: 3/36 MP: 5/20
  2474 | D:4      | Found a white marble altar of Elyvilon.
  2749 | D:4      | Noticed Robin
  2775 | D:4      | Reached skill level 8 in Spellcasting
  2782 | D:4      | Killed Robin
  2907 | D:4      | Identified 2 scrolls of acquirement
  3049 | D:4      | Acquired 793 gold pieces
  3051 | D:4      | Acquired a staff of conjuration
  3092 | D:4      | Bought the +6 scimitar of Joyful Slaughter {spect, rC+
                  | Str+3 Int+3} for 666 gold pieces
  3252 | D:5      | Entered Level 5 of the Dungeon
  3945 | D:5      | Reached skill level 9 in Spellcasting
  3945 | D:5      | Reached XP level 8. HP: 41/41 MP: 23/23
  4230 | D:6      | Reached skill level 10 in Spellcasting
  4260 | D:6      | Noticed a two-headed ogre
  4282 | D:6      | Killed a two-headed ogre
  4283 | D:6      | Reached skill level 11 in Spellcasting
  4283 | D:6      | Reached XP level 9. HP: 41/45 MP: 23/26
  4363 | D:6      | Found a staircase to the Ecumenical Temple.
  4407 | Temple   | Entered the Ecumenical Temple
  4598 | Temple   | Became a worshipper of Vehumet
  4638 | D:6      | Reached skill level 10 in Earth Magic
  4641 | D:6      | Noticed a two-headed ogre
  4657 | D:6      | Killed a two-headed ogre
  4658 | D:6      | Reached skill level 12 in Spellcasting
  4835 | D:6      | Reached * piety under Vehumet
  4835 | D:6      | Offered knowledge of Foxfire by Vehumet.
  4966 | D:7      | Reached skill level 13 in Spellcasting
  4970 | D:7      | Found a shimmering blue altar of Sif Muna.
  5089 | D:7      | Noticed Joseph
  5094 | D:7      | Killed from afar by Joseph

Illustrated notes

Levels and vault maps discovered:
D:1:      dpeg_arrival_rooms_a, layout_rooms, grunt_decor_cap
D:2:      layout_basic, uniq_natasha
D:3:      layout_rooms, portal_sewer_entry_d
D:4:      layout_basic, kennysheep_ying_yang, pdpol_wu_jian_five_deadly_venoms,
          grunt_temple_overflow_forces_of_nature, serial_shops,
          nicolae_shop_window_shopping, uniq_robin, uniq_crazy_yiuf_cottage
D:5:      layout_loops_corners
D:6:      minmay_opposing_rooms, layout_cave_pools, minmay_temple_entry_hall,
          kennysheep_nondescript
D:7:      layout_loops_cross, overflow_temple_1_default, enter_ossuary_3,
          uniq_joseph
Temple:   nicolae_temple_slightly_damp_pantheon

Skill      XL: |  1  2  3  4  5  6  7  8  9 |
---------------+----------------------------+-----
Spellcasting   | 4 5 6 7 9 11 13 | 13.3
Earth Magic    | 4 5 6 7 9 11 | 11.5
Dodging        | |  2.4
Stealth        | |  2.4
Transmutations | |  1.1

Action                     |  1- 3 |  4- 6 |  7- 9 || total
---------------------------+-------+-------+-------++-------
  Melee: Short sword       |       |    98 |       ||    98
         Punch             |       |     4 |       ||     4
         Scimitar          |       |       |    69 ||    69
   Cast: Sandblast         |    34 |    99 |   140 ||   273
         Passwall          |     2 |     1 |     3 ||     6
         Stone Arrow       |       |       |     2 ||     2
    Use: Potion            |       |     7 |     3 ||    10
         Scroll            |       |     6 |    10 ||    16
 Armour: Robe              |     8 |    10 |    10 ||    28
         Animal skin       |       |       |    13 ||    13
  Dodge: Dodged            |    25 |    22 |    37 ||    84
